 Dungeon Crawl Stone Soup version 0.29.1-2-gbd0b4ee654 (webtiles) character file.

Game seed: 9077926046259811892

28 whiskeysaurus the Digger (level 2, -1/26 HPs)
             Began as a Troll Earth Elementalist on Nov 19, 2022.
             Slain by a kobold
             ... wielding a +0 dagger
              (3 damage)
             ... on level 2 of the Dungeon.
             The game lasted 00:01:29 (971 turns).

whiskeysaurus the Digger (Troll Earth Elementalist)  Turns: 971, Time: 00:01:29

Health: -1/26      AC:  4    Str: 15    XL:     2   Next: 96%
Magic:  3/3        EV: 10    Int: 11    God:
Gold:   88         SH:  0    Dex: 10    Spells: 2/3 levels left

rFire   . . .      SeeInvis .     - Unarmed
rCold   . . .      Faith    .   (no shield)
rNeg    . . .      Spirit   .   a - +0 robe
rPois   .          Reflect  .   (helmet restricted)
rElec   .          Harm     .   (no cloak)
rCorr   .          Rampage  .   (gloves unavailable)
Will    .....                   (boots unavailable)
Stlth   +.........              e - amulet of regeneration
HPRegen 1.68/turn               (no ring)
MPRegen 0.08/turn               (no ring)

@: lethally poisoned (-1 -> -2)
A: large, unfitting armour, claws 3, regeneration 1, shaggy fur 1, tough skin 1
a: no special abilities


You were on level 2 of the Dungeon.
You visited 1 branch of the dungeon, and saw 2 of its levels.

You collected 88 gold pieces.

Inventory:

Armour
 a - a +0 robe (worn)
Jewellery
 e - an amulet of regeneration (around neck)
Scrolls
 c - a scroll of butterflies {unknown}
 f - a scroll of noise {unknown}
 g - a scroll of identify {unknown}
Potions
 b - 2 potions of magic
 d - a potion of curing {unknown}
 h - a potion of invisibility {unknown}


   Skills:
 + Level 0.4 Fighting
 + Level 1.8 Dodging
 - Level 1.0 Stealth
 * Level 1.3 Unarmed Combat
 + Level 1.4 Spellcasting
 - Level 0.6 Transmutations
 + Level 2.9 Earth Magic


You had 2 spell levels left.
You knew the following spells:

 Your Spells              Type           Power      Damage    Failure   Level
a - Sandblast             Erth           14%        2d6       10%         1

Your spell library contained the following spells:

 Spells                   Type           Power      Damage    Failure   Level
 Passwall                 Tmut/Erth      3%         N/A       22%         2
 Stone Arrow              Conj/Erth      8%         3d7       45%         3
 Petrify                  Tmut/Erth      4%         N/A       83%         4


Dungeon Overview and Level Annotations

Branches:
Dungeon (2/15)

Altars:

Shops:
D:1 *


Innate Abilities, Weirdness & Mutations

You are too large for most types of armour.
You have claws for hands.
Your natural rate of healing is unusually fast.
You are covered in fur. (AC +1)
You have tough skin. (AC +1)


Message History

You are too injured to fight recklessly!
You closely miss the kobold.
You feel sick.
You barely miss the kobold.
The kobold is heavily wounded.
You feel sick. The kobold hits you but does no damage.
The kobold hits you with a +0 club.
You scratch the kobold but do no damage.
The kobold is heavily wounded.
You feel sick. The kobold closely misses you.
The kobold hits you with a +0 club.
You closely miss the kobold.
The kobold is heavily wounded.
You feel sick. The kobold hits you with a +0 dagger.
You completely miss the kobold.
The kobold is heavily wounded.
You feel sick. The kobold barely misses you.
The kobold hits you with a +0 club.
You closely miss the kobold.
The kobold is heavily wounded.
You feel sick.
You are no longer poisoned.
The kobold hits you but does no damage.
The kobold hits you with a +0 dagger of venom.
* * * LOW HITPOINT WARNING * * *
You are poisoned.
The kobold hits you with a +0 club.
* * * LOW HITPOINT WARNING * * *
You closely miss the kobold.
The kobold is heavily wounded.
* * * LOW HITPOINT WARNING * * *
You feel very sick. The kobold barely misses you.
The kobold hits you with a +0 dagger of venom.
* * * LOW HITPOINT WARNING * * *
The kobold hits you but does no damage.
Unknown command.
You scratch the kobold but do no damage.
The kobold is heavily wounded.
You feel sick. The kobold hits you with a +0 dagger.
You die...

.....#.........#.####
...................
###+##.........#.###
........#.####.#.#
+##.....#+## .# #
...........###.#
...........'...#
.....).....#####.#
#########..K@K...#
####K##### #..)..#
#.......# #≈.....~#
#≈~...≈≈# #≈≈...~≈#
#≈~...~≈# #≈~...~~#


You could see 3 kobolds.

Vanquished Creatures
  2 dart slugs
  3 endoplasms (D:1)
  2 giant cockroaches (D:1)
  4 hobgoblins (D:1)
  A kobold (D:2)
  A quokka (D:2)
  A ball python (D:1)
  A frilled lizard (D:1)
  2 goblins (D:1)
  5 rats (D:1)
22 creatures vanquished.

Notes
Turn   | Place    | Note
-------+----------+-------------------------------------------
     0 | D:1      | whiskeysaurus the Troll Earth Elementalist began the quest
                  | for the Orb.
     0 | D:1      | Reached XP level 1. HP: 16/16 MP: 1/1
   298 | D:1      | Reached XP level 2. HP: 24/24 MP: 2/2
   395 | D:1      | Reached skill level 1 in Unarmed Combat
   681 | D:1      | Found Gunkoenn's General Store.
   970 | D:2      | HP: 1/26 [kobold/+0 dagger of venom (1)]
   971 | D:2      | Slain by a kobold

Illustrated notes

Levels and vault maps discovered:
D:1:      lightli_arrival_chessboard, layout_loops_corners, serial_shops, shop
D:2:      minmay_kobold_bridge, layout_basic, hex_intersection

Skill      XL: |  1  2 |
---------------+-------+-----
Unarmed Combat | 1 |  1.3
Fighting       | |  0.4
Dodging        | |  1.8
Stealth        | |  1.0
Spellcasting   | |  1.4
Transmutations | |  0.6
Earth Magic    | |  2.9

Action                   || total
-------------------------++-------
Melee: Unarmed           ||    62
 Stab: Sleeping          ||     4
Armor: Robe              ||    17
Dodge: Dodged            ||    27
